Islanders vs Blackhawks
Created - December 30, 2022 at 23:31
Goals
|
| Islanders |
2 |
2 |
2 |
6 |
| Blackhawks |
0 |
2 |
1 |
3 |
|
Shots
|
| Islanders |
6 |
17 |
13 |
36 |
| Blackhawks |
11 |
19 |
7 |
37 |
|
1st period
1. Islanders , Kellan Lain 6 (Vladimir Tarasenko 10, Frans Nielsen 11) at 8:10
2. Islanders , Kellan Lain 7 (Vladimir Tarasenko 11, Frans Nielsen 12) at 14:45
Penalties :
Raphael Diaz (Chi) for Cross-checking (Minor) at 19:35
2nd period
3. Islanders , Vladimir Tarasenko 9 (Yann Sauvé 8, Ryan Ellis 16) at 0:16 (PP)
4. Blackhawks , Nick Bonino 1 (Raphael Diaz 4, Sean Zimmerman 7) at 2:38
5. Blackhawks , Jordan Staal 7 (Johnny Gaudreau 18) at 3:11
6. Islanders , Emerson Etem 5 (Brenden Dillon 2, Connor Murphy 4) at 14:34
Penalties :
Brock McGinn (NyI) for Interference (Minor) at 6:33, Frans Nielsen (NyI) for Holding (Minor) at 10:59, Petter Granberg (Chi) for Hooking (Minor) at 17:48
3rd period
7. Islanders , Nikita Zadorov 1 (Frans Nielsen 13, Vladimir Tarasenko 12) at 2:21
8. Islanders , Sergei Plotnikov 4 (Craig Smith 5, Ryan Ellis 17) at 4:41
9. Blackhawks , Johnny Gaudreau 13 (James Wright 7, Stefan Matteau 3) at 16:05
Penalties :
Nick Bonino (Chi) for Interference (Minor) at 7:43, Radko Gudas (Chi) for Tripping (Minor) at 18:29
Goalie Stats
Marc-André Fleury (NyI), 34 saves from 37 shots - (0.919), W, 10-5-3, 60:00 minutes
Joe Cannata (Chi), 10 saves from 10 shots - (1.000), 15:19 minutes
Tuukka Rask (Chi), 20 saves from 26 shots - (0.769), L, 13-7-2, 44:41 minutes
Players Stats for Islanders
Player Name G A P +/- PIM S H SB GA TA FO MP PP MP PK MP
------------------------------------------------------------------------------------
Brenden Dillon 0 1 1 1 0 0 0 0 0 0 0/0 11:27 0:02 0:00
Brock McGinn 0 0 0 -2 2 3 0 1 1 1 1/1 18:20 2:50 1:06
Christian Fischer 0 0 0 1 0 1 0 0 0 0 0/1 7:56 0:00 0:00
Connor Murphy 0 1 1 1 0 0 1 0 0 0 0/0 11:27 0:02 0:00
Craig Smith 0 1 1 0 0 1 1 0 0 0 0/0 10:25 0:00 0:00
Emerson Etem 1 0 1 1 0 3 0 0 0 0 0/0 8:53 0:00 0:50
Frans Nielsen 0 3 3 3 2 6 1 0 0 1 15/33 21:56 3:19 1:31
Kellan Lain 2 0 2 3 0 3 0 1 1 0 1/1 23:07 3:19 2:41
Melker Karlsson 0 0 0 -2 0 2 2 0 0 0 10/23 18:44 2:50 1:29
Michael Latta 0 0 0 0 0 1 0 0 1 0 2/7 10:44 0:00 0:19
Nikita Zadorov 1 0 1 1 0 3 2 1 0 1 0/0 19:38 1:59 1:14
Pierre-Edouard Bellemare 0 0 0 1 0 2 0 0 1 2 1/4 7:56 0:00 0:00
Rick Nash 0 0 0 -2 0 1 2 0 0 0 0/1 17:08 2:50 0:00
Ryan Ellis 0 2 2 0 0 1 1 1 0 0 0/0 28:55 4:08 2:44
Sergei Plotnikov 1 0 1 0 0 2 0 0 0 0 0/0 10:25 0:00 0:00
Vladimir Tarasenko 1 3 4 3 0 5 0 1 1 0 0/1 20:26 3:19 0:00
Wes O'Neill 0 0 0 1 0 1 1 1 2 1 0/0 19:38 1:59 1:14
Yann Sauvé 0 1 1 0 0 1 0 1 0 3 0/0 28:55 4:08 2:44
Players Stats for Blackhawks
Player Name G A P +/- PIM S H SB GA TA FO MP PP MP PK MP
------------------------------------------------------------------------------------
Antoine Roussel 0 0 0 -1 0 3 1 0 2 1 0/0 21:25 1:28 3:37
Ben Harpur 0 0 0 -1 0 0 0 0 0 0 0/0 3:40 0:00 0:00
Brett Maclean 0 0 0 -1 0 5 0 0 0 0 1/1 13:50 0:00 0:59
Calvin de Haan 0 0 0 -2 0 0 1 0 0 0 0/0 10:06 0:00 0:00
Corey Perry 0 0 0 -1 0 2 2 0 1 0 0/1 17:51 1:28 0:00
Derek Roy 0 0 0 -1 0 1 1 0 0 2 8/14 17:48 1:28 0:00
Jakob Silfverberg 0 0 0 0 0 3 1 0 1 2 0/1 19:20 2:30 1:50
James Wright 0 1 1 0 0 2 0 0 0 0 3/4 6:12 0:00 0:00
Jamie McBain 0 0 0 -2 0 2 2 2 0 1 0/0 28:04 2:24 2:55
Johnny Gaudreau 1 1 2 0 0 5 5 0 1 0 4/9 26:14 2:30 3:29
Jordan Staal 1 0 1 0 0 2 1 0 1 0 18/32 19:20 2:30 1:50
Mike Amadio 0 0 0 -1 0 3 1 0 2 0 0/1 12:38 0:00 0:00
Nick Bonino 1 0 1 -1 2 4 0 0 1 0 8/9 12:44 0:00 0:00
Petter Granberg 0 0 0 -2 2 1 0 0 0 0 0/0 10:34 0:00 0:23
Radko Gudas 0 0 0 -1 2 1 3 4 0 0 0/0 24:00 2:24 2:32
Raphael Diaz 0 1 1 2 2 0 1 0 0 0 0/0 21:49 1:34 3:14
Sean Zimmerman 0 1 1 2 0 1 0 0 0 1 0/0 21:50 1:34 3:14
Stefan Matteau 0 1 1 0 0 2 0 0 0 0 0/0 6:22 0:00 0:33
3 Stars
1 - Vladimir Tarasenko (NyI)
2 - Kellan Lain (NyI)
3 - Frans Nielsen (NyI)
Power Play
Islanders - 1 on 4 Attempt(s) - 25.00%
Blackhawks - 0 on 2 Attempt(s) - 0.00%
Penalty Kill
Islanders - 2 on 2 Attempt(s) - 100.00%
- Score 0 goal in Penalty Kill
Blackhawks - 3 on 4 Attempt(s) - 75.00%
- Score 0 goal in Penalty Kill
Team Stat
Islanders - Hits : 11 - Faceoff Wins : 30 - Blocked Shots : 7 - Penalty Minutes : 4
Blackhawks - Hits : 19 - Faceoff Wins : 42 - Blocked Shots : 6 - Penalty Minutes : 8
Official
Referees : Michael Markovic and Jean Hebert
Linesman : James Tobias and Ryan Galloway
Game Notes
5:20 of 2nd period - Islanders goal is going for a video replay. After video review, No Goal. The goalkeeper has been pushed into the net together with the puck after making a save.
Joe Cannata enters game at 4:41 of 3rd period
Finance
Level 1 -- Attendance: 6000 (100.00%) -- Ticket Income $600,000
Level 2 -- Attendance: 5000 (100.00%) -- Ticket Income $300,000
Level 3 -- Attendance: 1886 (94.30%) -- Ticket Income $66,010
Level 4 -- Attendance: 4000 (100.00%) -- Ticket Income $100,000
Luxury Box -- Attendance: 1000 (100.00%) -- Ticket Income $200,000
Game was played at the United Center.
Total Attendance: 17886 (99.37%)
Total Ticket Income: $1,266,010
Other Income: $189,902
Total Income: $1,455,912
Islanders
5 vs 5 Forward
Center Left Wing Right Wing Time % Phy DF OF
1 Frans Nielsen Kellan Lain Vladimir Tarasenko 40 1 2 2
2 Melker Karlsson Brock McGinn Rick Nash 30 1 2 2
3 Michael Latta Sergei Plotnikov Craig Smith 20 1 2 2
4 Pierre-Edouard Bellemare Emerson Etem Christian Fischer 10 1 2 2
5 vs 5 Defense
Defense Defense Time % Phy DF OF
1 Ryan Ellis Yann Sauvé 40 1 2 2
2 Wes O'Neill Nikita Zadorov 30 1 2 2
3 Brenden Dillon Connor Murphy 20 1 2 2
4 Ryan Ellis Yann Sauvé 10 1 2 2
PowerPlay Forward
Center Left Wing Right Wing Time % Phy DF OF
1 Frans Nielsen Kellan Lain Vladimir Tarasenko 60 1 2 2
2 Melker Karlsson Brock McGinn Rick Nash 40 1 2 2
PowerPlay Defense
Defense Defense Time % Phy DF OF
1 Ryan Ellis Yann Sauvé 60 1 2 2
2 Wes O'Neill Nikita Zadorov 40 1 2 2
Penalty Kill 4 Players Forward
Center Wing Time % Phy DF OF
1 Frans Nielsen Kellan Lain 60 1 2 2
2 Melker Karlsson Brock McGinn 40 1 2 2
Penalty Kill 4 Players Defense
Defense Defense Time % Phy DF OF
1 Ryan Ellis Yann Sauvé 60 1 2 2
2 Wes O'Neill Nikita Zadorov 40 1 2 2
Penalty Kill - 3 Players Forward
Forward Time % Phy DF OF
1 Frans Nielsen 60 1 2 2
2 Melker Karlsson 40 1 2 2
Penalty Kill - 3 Players Defense
Defense Defense Time % Phy DF OF
1 Ryan Ellis Yann Sauvé 60 1 2 2
2 Wes O'Neill Nikita Zadorov 40 1 2 2
4 vs 4 Forward
Center Wing Time % Phy DF OF
1 Frans Nielsen Kellan Lain 60 1 2 2
2 Melker Karlsson Brock McGinn 40 1 2 2
4 vs 4 Defense
Defense Defense Time % Phy DF OF
1 Ryan Ellis Yann Sauvé 60 1 2 2
2 Wes O'Neill Nikita Zadorov 40 1 2 2
Last Minutes Offensive
Center Left Wing Right Wing Defense Defense
Frans Nielsen Kellan Lain Vladimir Tarasenko Ryan Ellis Yann Sauvé
Last Minutes Defensive
Center Left Wing Right Wing Defense Defense
Frans Nielsen Kellan Lain Vladimir Tarasenko Ryan Ellis Yann Sauvé
Goaltenders
Starting : Marc-André Fleury
Backup : Cam Ward
Extra Forwards
Normal : Brock McGinn, Sergei Plotnikov, Melker Karlsson - PP : Brock McGinn, Sergei Plotnikov - PK : Brock McGinn
Extra Defensemen
Normal : Nikita Zadorov, Brenden Dillon, Connor Murphy - PP : Nikita Zadorov - PK : Nikita Zadorov, Brenden Dillon
Penalty Shots
Vladimir Tarasenko, Rick Nash, Kellan Lain, Frans Nielsen, Brock McGinn
Scratches
Andrew Shaw (Healthy), Carl Klingberg (Healthy), Justin Falk (Healthy), Ryan Hartman (Healthy)
Blackhawks
5 vs 5 Forward
Center Left Wing Right Wing Time % Phy DF OF
1 Jordan Staal Johnny Gaudreau Jakob Silfverberg 40 1 2 2
2 Derek Roy Antoine Roussel Corey Perry 30 1 2 2
3 Nick Bonino Brett Maclean Mike Amadio 20 1 2 2
4 James Wright Stefan Matteau Johnny Gaudreau 10 1 2 2
5 vs 5 Defense
Defense Defense Time % Phy DF OF
1 Jamie McBain Radko Gudas 40 1 2 2
2 Raphael Diaz Sean Zimmerman 30 1 2 2
3 Calvin de Haan Petter Granberg 20 1 2 2
4 Ben Harpur Jamie McBain 10 1 2 2
PowerPlay Forward
Center Left Wing Right Wing Time % Phy DF OF
1 Jordan Staal Johnny Gaudreau Jakob Silfverberg 60 1 2 2
2 Derek Roy Antoine Roussel Corey Perry 40 1 2 2
PowerPlay Defense
Defense Defense Time % Phy DF OF
1 Jamie McBain Radko Gudas 60 1 2 2
2 Raphael Diaz Sean Zimmerman 40 1 2 2
Penalty Kill 4 Players Forward
Center Wing Time % Phy DF OF
1 Johnny Gaudreau Antoine Roussel 60 1 2 2
2 Jordan Staal Jakob Silfverberg 40 1 2 2
Penalty Kill 4 Players Defense
Defense Defense Time % Phy DF OF
1 Jamie McBain Radko Gudas 60 1 2 2
2 Raphael Diaz Sean Zimmerman 40 1 2 2
Penalty Kill - 3 Players Forward
Forward Time % Phy DF OF
1 Johnny Gaudreau 60 1 2 2
2 Antoine Roussel 40 1 2 2
Penalty Kill - 3 Players Defense
Defense Defense Time % Phy DF OF
1 Jamie McBain Radko Gudas 60 1 2 2
2 Raphael Diaz Sean Zimmerman 40 1 2 2
4 vs 4 Forward
Center Wing Time % Phy DF OF
1 Johnny Gaudreau Antoine Roussel 60 1 2 2
2 Jordan Staal Jakob Silfverberg 40 1 2 2
4 vs 4 Defense
Defense Defense Time % Phy DF OF
1 Jamie McBain Radko Gudas 60 1 2 2
2 Raphael Diaz Sean Zimmerman 40 1 2 2
Last Minutes Offensive
Center Left Wing Right Wing Defense Defense
Jordan Staal Johnny Gaudreau Jakob Silfverberg Jamie McBain Radko Gudas
Last Minutes Defensive
Center Left Wing Right Wing Defense Defense
Jordan Staal Johnny Gaudreau Jakob Silfverberg Jamie McBain Radko Gudas
Goaltenders
Starting : Tuukka Rask
Backup : Joe Cannata
Extra Forwards
Normal : Nick Bonino, James Wright, Brett Maclean - PP : Nick Bonino, James Wright - PK : Brett Maclean
Extra Defensemen
Normal : Calvin de Haan, Petter Granberg, Ben Harpur - PP : Calvin de Haan - PK : Petter Granberg, Ben Harpur
Penalty Shots
Johnny Gaudreau, Antoine Roussel, Jordan Staal, Jakob Silfverberg, Corey Perry
Scratches
Blake Wheeler (Suspend)
% Time on Ice - Islanders
Lines # - Real PCT - Wanted PCT - Time Play
Normal Forward
1 - 34% - 40% - 17:07
2 - 29% - 30% - 14:25
3 - 21% - 20% - 10:25
4 - 16% - 10% - 7:56
Normal Defense
1 - 39% - 40% - 19:42
2 - 33% - 30% - 16:25
3 - 22% - 20% - 11:13
4 - 5% - 10% - 2:33
PP Forward
1 - 54% - 60% - 3:19
2 - 46% - 40% - 2:50
PP Defense
1 - 68% - 60% - 4:10
2 - 32% - 40% - 1:59
PK Forward
1 - 88% - 60% - 3:30
2 - 12% - 40% - 0:28
PK Defense
1 - 69% - 60% - 2:44
2 - 31% - 40% - 1:14
PK3 Forward
1 - 0% - 60%
2 - 0% - 40%
PK3 Defense
1 - 0% - 60%
2 - 0% - 40%
44 Forward
1 - 0% - 60%
2 - 0% - 40%
44 Defense
1 - 0% - 60%
2 - 0% - 40%
Last Minute Offensive - 0:00
Last Minute Defensive - 0:00
Total
Forward - 60:00
Defense - 60:00
|
% Time on Ice - Blackhawks
Lines # - Real PCT - Wanted PCT - Time Play
Normal Forward
1 - 31% - 40% - 15:13
2 - 33% - 30% - 16:20
3 - 25% - 20% - 12:38
4 - 11% - 10% - 5:42
Normal Defense
1 - 38% - 40% - 19:05
2 - 34% - 30% - 17:02
3 - 20% - 20% - 10:06
4 - 7% - 10% - 3:40
PP Forward
1 - 63% - 60% - 2:30
2 - 37% - 40% - 1:28
PP Defense
1 - 61% - 60% - 2:24
2 - 39% - 40% - 1:34
PK Forward
1 - 70% - 60% - 4:19
2 - 30% - 40% - 1:50
PK Defense
1 - 47% - 60% - 2:55
2 - 53% - 40% - 3:14
PK3 Forward
1 - 0% - 60%
2 - 0% - 40%
PK3 Defense
1 - 0% - 60%
2 - 0% - 40%
44 Forward
1 - 0% - 60%
2 - 0% - 40%
44 Defense
1 - 0% - 60%
2 - 0% - 40%
Last Minute Offensive - 0:00
Last Minute Defensive - 0:00
Total
Forward - 60:00
Defense - 60:00
|
Play-by-Play
1st period
0:01 of 1st period - Jordan Staal wins face-off versus Frans Nielsen in neutral zone.
0:04 of 1st period - Slapshot by Johnny Gaudreau.
0:04 of 1st period - Stopped by Marc-André Fleury without a rebound.
0:05 of 1st period - Jordan Staal wins face-off versus Frans Nielsen in Islanders zone.
0:10 of 1st period - Snap shot by Jordan Staal.
0:10 of 1st period - Shot Blocked by Vladimir Tarasenko.
0:12 of 1st period - Backhand shot by Radko Gudas.
0:12 of 1st period - Shot Misses the Net.
0:50 of 1st period - Snap shot by Sergei Plotnikov.
0:50 of 1st period - Shot Blocked by Radko Gudas.
0:52 of 1st period - Slapshot by Ryan Ellis.
0:52 of 1st period - Deflect By Sergei Plotnikov.
0:52 of 1st period - Shot Misses the Net.
0:52 of 1st period - Puck is out of play.
0:53 of 1st period - Nick Bonino wins face-off versus Michael Latta in Blackhawks zone.
1:47 of 1st period - Wrist shot by Antoine Roussel.
1:47 of 1st period - Stopped by Marc-André Fleury with a rebound.
2:12 of 1st period - Icing by Melker Karlsson.
2:13 of 1st period - Melker Karlsson wins face-off versus Johnny Gaudreau in Islanders zone.
2:13 of 1st period - Melker Karlsson is hit by Johnny Gaudreau.
2:28 of 1st period - Yann Sauvé is hit by Johnny Gaudreau and loses puck.
2:39 of 1st period - Snap shot by Melker Karlsson.
2:39 of 1st period - Shot Misses the Net.
3:41 of 1st period - Emerson Etem is hit by Radko Gudas and loses puck.
4:56 of 1st period - Wrist shot by Craig Smith.
4:56 of 1st period - Stopped by Tuukka Rask without a rebound.
4:57 of 1st period - Michael Latta wins face-off versus Derek Roy in Blackhawks zone.
5:29 of 1st period - Wrist shot by Nick Bonino.
5:29 of 1st period - Stopped by Marc-André Fleury without a rebound.
5:30 of 1st period - Nick Bonino wins face-off versus Frans Nielsen in Islanders zone.
5:31 of 1st period - Snap shot by Brett Maclean.
5:31 of 1st period - Stopped by Marc-André Fleury with a rebound.
5:33 of 1st period - Slapshot by Petter Granberg.
5:33 of 1st period - Shot Blocked by Yann Sauvé.
5:57 of 1st period - Snap shot by Nick Bonino.
5:57 of 1st period - Stopped by Marc-André Fleury without a rebound.
5:58 of 1st period - Melker Karlsson wins face-off versus Jordan Staal in Islanders zone.
6:13 of 1st period - Snap shot by Johnny Gaudreau.
6:13 of 1st period - Shot Misses the Net.
6:15 of 1st period - Slapshot by Radko Gudas.
6:15 of 1st period - Stopped by Marc-André Fleury with a rebound.
6:48 of 1st period - Off-side.
6:49 of 1st period - Nick Bonino wins face-off versus Pierre-Edouard Bellemare in neutral zone.
6:56 of 1st period - Snap shot by Brett Maclean.
6:56 of 1st period - Stopped by Marc-André Fleury with a rebound.
6:58 of 1st period - Slapshot by Mike Amadio.
6:58 of 1st period - Stopped by Marc-André Fleury without a rebound.
6:59 of 1st period - Jordan Staal wins face-off versus Frans Nielsen in Islanders zone.
7:08 of 1st period - Snap shot by Vladimir Tarasenko.
7:08 of 1st period - Shot Misses the Net.
7:32 of 1st period - Snap shot by Antoine Roussel.
7:32 of 1st period - Stopped by Marc-André Fleury without a rebound.
7:33 of 1st period - Derek Roy wins face-off versus Melker Karlsson in Islanders zone.
8:08 of 1st period - Wrist shot by Kellan Lain.
8:08 of 1st period - Shot Blocked by Radko Gudas.
8:10 of 1st period - Snap shot by Kellan Lain.
8:10 of 1st period - Goal by Kellan Lain - Islanders : 1 - Blackhawks : 0.
8:11 of 1st period - Jordan Staal wins face-off versus Frans Nielsen in neutral zone.
8:59 of 1st period - Slapshot by Jamie McBain.
8:59 of 1st period - Deflect By Rick Nash.
8:59 of 1st period - Stopped by Marc-André Fleury without a rebound.
9:00 of 1st period - Nick Bonino wins face-off versus Melker Karlsson in Islanders zone.
9:09 of 1st period - Wrist shot by Mike Amadio.
9:09 of 1st period - Stopped by Marc-André Fleury with a rebound.
10:37 of 1st period - Wrist shot by Michael Latta.
10:37 of 1st period - Shot Misses the Net.
10:39 of 1st period - Slapshot by Michael Latta.
10:39 of 1st period - Deflect By Radko Gudas.
10:39 of 1st period - Shot Misses the Net.
10:39 of 1st period - Puck is out of play.
10:40 of 1st period - Derek Roy wins face-off versus Melker Karlsson in Blackhawks zone.
10:53 of 1st period - Off-side.
10:54 of 1st period - Jordan Staal wins face-off versus Pierre-Edouard Bellemare in neutral zone.
11:20 of 1st period - Icing by Michael Latta.
11:21 of 1st period - Michael Latta wins face-off versus Derek Roy in Islanders zone.
11:56 of 1st period - Wrist shot by Corey Perry.
11:56 of 1st period - Shot Misses the Net.
12:00 of 1st period - Slapshot by Antoine Roussel.
12:00 of 1st period - Shot Misses the Net.
14:22 of 1st period - Jakob Silfverberg is hit by Craig Smith and loses puck.
14:45 of 1st period - Snap shot by Kellan Lain.
14:45 of 1st period - Goal by Kellan Lain - Islanders : 2 - Blackhawks : 0.
14:46 of 1st period - Jordan Staal wins face-off versus Frans Nielsen in neutral zone.
16:59 of 1st period - Slapshot by Ryan Ellis.
16:59 of 1st period - Deflect By Frans Nielsen.
16:59 of 1st period - Shot Misses the Net.
16:59 of 1st period - Puck is out of play.
17:00 of 1st period - Derek Roy wins face-off versus Rick Nash in Blackhawks zone.
17:51 of 1st period - Wrist shot by Brock McGinn.
17:51 of 1st period - Deflect By Antoine Roussel.
17:51 of 1st period - Stopped by Tuukka Rask with a rebound.
18:19 of 1st period - Snap shot by Christian Fischer.
18:19 of 1st period - Stopped by Tuukka Rask with a rebound.
18:21 of 1st period - Slapshot by Wes O'Neill.
18:21 of 1st period - Shot Misses the Net.
18:23 of 1st period - Slapshot by Nikita Zadorov.
18:23 of 1st period - Deflect By Derek Roy.
18:23 of 1st period - Stopped by Tuukka Rask without a rebound.
18:24 of 1st period - Derek Roy wins face-off versus Michael Latta in Blackhawks zone.
18:49 of 1st period - Nick Bonino is hit by Connor Murphy and loses puck.
18:54 of 1st period - Slapshot by Emerson Etem.
18:54 of 1st period - Deflect By Christian Fischer.
18:54 of 1st period - Shot Misses the Net.
18:54 of 1st period - Puck is out of play.
18:55 of 1st period - Nick Bonino wins face-off versus Pierre-Edouard Bellemare in Blackhawks zone.
19:35 of 1st period - Minor Penalty to Raphael Diaz for Cross-checking.
19:36 of 1st period - Johnny Gaudreau wins face-off versus Vladimir Tarasenko in Blackhawks zone.
Goals for this period are 2 for Islanders vs 0 for Blackhawks.
Shots for this period are 6 for Islanders vs 11 for Blackhawks.
2nd period
0:01 of 2nd period - Johnny Gaudreau wins face-off versus Frans Nielsen in neutral zone.
0:04 of 2nd period - Slapshot by Jamie McBain.
0:04 of 2nd period - Stopped by Marc-André Fleury without a rebound.
0:05 of 2nd period - Frans Nielsen wins face-off versus Johnny Gaudreau in Islanders zone.
0:12 of 2nd period - Snap shot by Vladimir Tarasenko.
0:12 of 2nd period - Stopped by Tuukka Rask with a rebound.
0:14 of 2nd period - Snap shot by Yann Sauvé.
0:14 of 2nd period - Stopped by Tuukka Rask with a rebound.
0:16 of 2nd period - Slapshot by Yann Sauvé.
0:16 of 2nd period - Deflect By Vladimir Tarasenko.
0:16 of 2nd period - Goal by Vladimir Tarasenko - Islanders : 3 - Blackhawks : 0.
0:17 of 2nd period - Melker Karlsson wins face-off versus Jordan Staal in neutral zone.
1:09 of 2nd period - Snap shot by Craig Smith.
1:09 of 2nd period - Shot Misses the Net.
1:11 of 2nd period - Snap shot by Michael Latta.
1:11 of 2nd period - Stopped by Tuukka Rask with a rebound.
1:13 of 2nd period - Snap shot by Craig Smith.
1:13 of 2nd period - Deflect By Sergei Plotnikov.
1:13 of 2nd period - Shot Blocked by Jamie McBain.
1:13 of 2nd period - Puck is out of play.
1:14 of 2nd period - Melker Karlsson wins face-off versus Jordan Staal in Blackhawks zone.
1:19 of 2nd period - Snap shot by Melker Karlsson.
1:19 of 2nd period - Stopped by Tuukka Rask with a rebound.
1:21 of 2nd period - Wrist shot by Brock McGinn.
1:21 of 2nd period - Stopped by Tuukka Rask with a rebound.
1:29 of 2nd period - Wrist shot by Rick Nash.
1:29 of 2nd period - Deflect By Brock McGinn.
1:29 of 2nd period - Stopped by Tuukka Rask with a rebound.
1:36 of 2nd period - Icing by Johnny Gaudreau.
1:37 of 2nd period - Jordan Staal wins face-off versus Frans Nielsen in Blackhawks zone.
2:14 of 2nd period - Wrist shot by Melker Karlsson.
2:14 of 2nd period - Shot Misses the Net.
2:28 of 2nd period - Snap shot by Brett Maclean.
2:28 of 2nd period - Stopped by Marc-André Fleury with a rebound.
2:30 of 2nd period - Wrist shot by Brett Maclean.
2:30 of 2nd period - Stopped by Marc-André Fleury with a rebound.
2:32 of 2nd period - Slapshot by Raphael Diaz.
2:32 of 2nd period - Deflect By Mike Amadio.
2:32 of 2nd period - Stopped by Marc-André Fleury with a rebound.
2:34 of 2nd period - Slapshot by Sean Zimmerman.
2:34 of 2nd period - Stopped by Marc-André Fleury with a rebound.
2:36 of 2nd period - Slapshot by Raphael Diaz.
2:36 of 2nd period - Shot Blocked by Wes O'Neill.
2:38 of 2nd period - Wrist shot by Nick Bonino.
2:38 of 2nd period - Goal by Nick Bonino - Islanders : 3 - Blackhawks : 1.
2:39 of 2nd period - Kellan Lain wins face-off versus Jordan Staal in neutral zone.
2:52 of 2nd period - Snap shot by Johnny Gaudreau.
2:52 of 2nd period - Stopped by Marc-André Fleury without a rebound.
2:53 of 2nd period - Jordan Staal wins face-off versus Melker Karlsson in Islanders zone.
3:00 of 2nd period - Snap shot by Johnny Gaudreau.
3:00 of 2nd period - Stopped by Marc-André Fleury without a rebound.
3:01 of 2nd period - Melker Karlsson wins face-off versus Jordan Staal in Islanders zone.
3:05 of 2nd period - Icing by Brock McGinn.
3:06 of 2nd period - Jordan Staal wins face-off versus Melker Karlsson in Islanders zone.
3:11 of 2nd period - Slapshot by Jordan Staal.
3:11 of 2nd period - Goal by Jordan Staal - Islanders : 3 - Blackhawks : 2.
3:12 of 2nd period - Frans Nielsen wins face-off versus Johnny Gaudreau in neutral zone.
3:17 of 2nd period - Snap shot by Ryan Ellis.
3:17 of 2nd period - Stopped by Tuukka Rask without a rebound.
3:18 of 2nd period - Frans Nielsen wins face-off versus Jordan Staal in Blackhawks zone.
3:30 of 2nd period - Wrist shot by Frans Nielsen.
3:30 of 2nd period - Shot Blocked by Radko Gudas.
3:32 of 2nd period - Snap shot by Frans Nielsen.
3:32 of 2nd period - Stopped by Tuukka Rask without a rebound.
3:33 of 2nd period - James Wright wins face-off versus Melker Karlsson in Blackhawks zone.
3:37 of 2nd period - Off-side.
3:38 of 2nd period - James Wright wins face-off versus Melker Karlsson in neutral zone.
4:27 of 2nd period - Snap shot by Frans Nielsen.
4:27 of 2nd period - Stopped by Tuukka Rask without a rebound.
4:28 of 2nd period - Nick Bonino wins face-off versus Frans Nielsen in Blackhawks zone.
4:56 of 2nd period - Wrist shot by Kellan Lain.
4:56 of 2nd period - Shot Misses the Net.
4:58 of 2nd period - Slapshot by Connor Murphy.
4:58 of 2nd period - Shot Misses the Net.
5:00 of 2nd period - Snap shot by Vladimir Tarasenko.
5:00 of 2nd period - Stopped by Tuukka Rask with a rebound.
5:16 of 2nd period - Snap shot by Ryan Ellis.
5:16 of 2nd period - Shot Misses the Net.
5:18 of 2nd period - Slapshot by Yann Sauvé.
5:18 of 2nd period - Shot Misses the Net.
5:20 of 2nd period - Wrist shot by Frans Nielsen.
5:20 of 2nd period - Islanders goal is going for a video replay.
5:20 of 2nd period - The goal is refused. The goalkeeper has been pushed into the net together with the puck after making a save..
5:21 of 2nd period - Jordan Staal wins face-off versus Melker Karlsson in Blackhawks zone.
5:52 of 2nd period - Wrist shot by Craig Smith.
5:52 of 2nd period - Shot Misses the Net.
5:54 of 2nd period - Snap shot by Craig Smith.
5:54 of 2nd period - Deflect By Sergei Plotnikov.
5:54 of 2nd period - Shot Blocked by Radko Gudas.
5:54 of 2nd period - Puck is out of play.
5:55 of 2nd period - James Wright wins face-off versus Michael Latta in Blackhawks zone.
6:04 of 2nd period - Snap shot by Johnny Gaudreau.
6:04 of 2nd period - Shot Misses the Net.
6:10 of 2nd period - Snap shot by James Wright.
6:10 of 2nd period - Stopped by Marc-André Fleury without a rebound.
6:11 of 2nd period - Jordan Staal wins face-off versus Frans Nielsen in Islanders zone.
6:21 of 2nd period - Snap shot by Johnny Gaudreau.
6:21 of 2nd period - Stopped by Marc-André Fleury without a rebound.
6:22 of 2nd period - Jordan Staal wins face-off versus Melker Karlsson in Islanders zone.
6:29 of 2nd period - Slapshot by Jordan Staal.
6:29 of 2nd period - Deflect By Jakob Silfverberg.
6:29 of 2nd period - Shot Misses the Net.
6:29 of 2nd period - Puck is out of play.
6:30 of 2nd period - Johnny Gaudreau wins face-off versus Melker Karlsson in Islanders zone.
6:31 of 2nd period - Snap shot by Jakob Silfverberg.
6:31 of 2nd period - Shot Blocked by Brock McGinn.
6:33 of 2nd period - Minor Penalty to Brock McGinn for Interference.
6:34 of 2nd period - Frans Nielsen wins face-off versus Jakob Silfverberg in Islanders zone.
6:34 of 2nd period - Frans Nielsen is hit by Jordan Staal.
6:41 of 2nd period - Icing by Jakob Silfverberg.
6:42 of 2nd period - Frans Nielsen wins face-off versus Jordan Staal in Blackhawks zone.
6:51 of 2nd period - Jakob Silfverberg is hit by Ryan Ellis and loses puck.
7:10 of 2nd period - Ryan Ellis is hit by Radko Gudas and loses puck.
7:47 of 2nd period - Snap shot by Jakob Silfverberg.
7:47 of 2nd period - Stopped by Marc-André Fleury with a rebound.
7:49 of 2nd period - Slapshot by Radko Gudas.
7:49 of 2nd period - Deflect By Jakob Silfverberg.
7:49 of 2nd period - Stopped by Marc-André Fleury without a rebound.
7:50 of 2nd period - Frans Nielsen wins face-off versus Corey Perry in Islanders zone.
7:53 of 2nd period - Wrist shot by Derek Roy.
7:53 of 2nd period - Shot Blocked by Nikita Zadorov.
7:55 of 2nd period - Snap shot by Corey Perry.
7:55 of 2nd period - Stopped by Marc-André Fleury without a rebound.
7:56 of 2nd period - Derek Roy wins face-off versus Frans Nielsen in Islanders zone.
8:03 of 2nd period - Snap shot by Derek Roy.
8:03 of 2nd period - Shot Misses the Net.
8:05 of 2nd period - Snap shot by Corey Perry.
8:05 of 2nd period - Stopped by Marc-André Fleury without a rebound.
8:06 of 2nd period - Derek Roy wins face-off versus Frans Nielsen in Islanders zone.
8:33 of 2nd period - Penalty to Brock McGinn is over, Brock McGinn is back on ice.
9:15 of 2nd period - Snap shot by James Wright.
9:15 of 2nd period - Shot Misses the Net.
9:29 of 2nd period - Icing by Derek Roy.
9:30 of 2nd period - Pierre-Edouard Bellemare wins face-off versus Derek Roy in Blackhawks zone.
10:15 of 2nd period - Pierre-Edouard Bellemare is hit by Antoine Roussel.
10:39 of 2nd period - Slapshot by Antoine Roussel.
10:39 of 2nd period - Stopped by Marc-André Fleury with a rebound.
10:41 of 2nd period - Slapshot by Derek Roy.
10:41 of 2nd period - Stopped by Marc-André Fleury without a rebound.
10:42 of 2nd period - Jordan Staal wins face-off versus Frans Nielsen in Islanders zone.
10:55 of 2nd period - Snap shot by Jordan Staal.
10:55 of 2nd period - Stopped by Marc-André Fleury without a rebound.
10:56 of 2nd period - Frans Nielsen wins face-off versus Jordan Staal in Islanders zone.
10:56 of 2nd period - Frans Nielsen is hit by Johnny Gaudreau.
10:59 of 2nd period - Minor Penalty to Frans Nielsen for Holding.
11:00 of 2nd period - Brock McGinn wins face-off versus Jordan Staal in Islanders zone.
11:04 of 2nd period - Wrist shot by Kellan Lain.
11:04 of 2nd period - Shot Hit the Post.
11:26 of 2nd period - Corey Perry is hit by Melker Karlsson and loses puck.
12:00 of 2nd period - Icing by Antoine Roussel.
12:01 of 2nd period - Melker Karlsson wins face-off versus Derek Roy in Blackhawks zone.
12:34 of 2nd period - Slapshot by Raphael Diaz.
12:34 of 2nd period - Shot Blocked by Ryan Ellis.
12:59 of 2nd period - Penalty to Frans Nielsen is over, Frans Nielsen is back on ice.
13:22 of 2nd period - Snap shot by Sergei Plotnikov.
13:22 of 2nd period - Stopped by Tuukka Rask without a rebound.
13:23 of 2nd period - Derek Roy wins face-off versus Michael Latta in Blackhawks zone.
14:14 of 2nd period - Wrist shot by Brett Maclean.
14:14 of 2nd period - Shot Blocked by Kellan Lain.
14:26 of 2nd period - Slapshot by Pierre-Edouard Bellemare.
14:26 of 2nd period - Shot Hit the Post.
14:28 of 2nd period - Snap shot by Pierre-Edouard Bellemare.
14:28 of 2nd period - Shot Misses the Net.
14:30 of 2nd period - Slapshot by Connor Murphy.
14:30 of 2nd period - Deflect By Pierre-Edouard Bellemare.
14:30 of 2nd period - Stopped by Tuukka Rask with a rebound.
14:32 of 2nd period - Slapshot by Connor Murphy.
14:32 of 2nd period - Shot Misses the Net.
14:34 of 2nd period - Snap shot by Brenden Dillon.
14:34 of 2nd period - Deflect By Emerson Etem.
14:34 of 2nd period - Goal by Emerson Etem - Islanders : 4 - Blackhawks : 2.
14:35 of 2nd period - Frans Nielsen wins face-off versus Jordan Staal in neutral zone.
15:02 of 2nd period - Rick Nash is hit by Corey Perry and loses puck.
15:42 of 2nd period - Wrist shot by Johnny Gaudreau.
15:42 of 2nd period - Shot Misses the Net.
15:52 of 2nd period - Snap shot by Pierre-Edouard Bellemare.
15:52 of 2nd period - Stopped by Tuukka Rask with a rebound.
16:56 of 2nd period - Snap shot by Wes O'Neill.
16:56 of 2nd period - Stopped by Tuukka Rask with a rebound.
17:12 of 2nd period - Wrist shot by Nick Bonino.
17:12 of 2nd period - Stopped by Marc-André Fleury with a rebound.
17:34 of 2nd period - Rick Nash is hit by Johnny Gaudreau and loses puck.
17:48 of 2nd period - Minor Penalty to Petter Granberg for Hooking.
17:49 of 2nd period - Johnny Gaudreau wins face-off versus Frans Nielsen in Blackhawks zone.
18:28 of 2nd period - Radko Gudas is hit by Frans Nielsen and loses puck.
18:39 of 2nd period - Jakob Silfverberg is hit by Melker Karlsson and loses puck.
19:38 of 2nd period - Nikita Zadorov is hit by Raphael Diaz and loses puck.
19:48 of 2nd period - Penalty to Petter Granberg is over, Petter Granberg is back on ice.
Goals for this period are 2 for Islanders vs 2 for Blackhawks.
Shots for this period are 17 for Islanders vs 19 for Blackhawks.
3rd period
0:01 of 3rd period - Jordan Staal wins face-off versus Frans Nielsen in neutral zone.
1:25 of 3rd period - Vladimir Tarasenko is hit by Radko Gudas and loses puck.
1:46 of 3rd period - Icing by Connor Murphy.
1:47 of 3rd period - Melker Karlsson wins face-off versus Nick Bonino in Islanders zone.
1:47 of 3rd period - Melker Karlsson is hit by Mike Amadio.
1:55 of 3rd period - Snap shot by Rick Nash.
1:55 of 3rd period - Stopped by Tuukka Rask with a rebound.
2:19 of 3rd period - Slapshot by Frans Nielsen.
2:19 of 3rd period - Shot Misses the Net.
2:21 of 3rd period - Slapshot by Nikita Zadorov.
2:21 of 3rd period - Goal by Nikita Zadorov - Islanders : 5 - Blackhawks : 2.
2:22 of 3rd period - Jordan Staal wins face-off versus Frans Nielsen in neutral zone.
2:49 of 3rd period - Jamie McBain is hit by Rick Nash and loses puck.
3:34 of 3rd period - Slapshot by Jamie McBain.
3:34 of 3rd period - Shot Misses the Net.
3:39 of 3rd period - Off-side.
3:40 of 3rd period - Jordan Staal wins face-off versus Frans Nielsen in neutral zone.
3:45 of 3rd period - Wrist shot by Jakob Silfverberg.
3:45 of 3rd period - Stopped by Marc-André Fleury without a rebound.
3:46 of 3rd period - Frans Nielsen wins face-off versus Jordan Staal in Islanders zone.
4:41 of 3rd period - Snap shot by Sergei Plotnikov.
4:41 of 3rd period - Goal by Sergei Plotnikov - Islanders : 6 - Blackhawks : 2.
4:41 of 3rd period - Joe Cannata enters game.
4:42 of 3rd period - Frans Nielsen wins face-off versus Jordan Staal in neutral zone.
4:59 of 3rd period - Wrist shot by Vladimir Tarasenko.
4:59 of 3rd period - Stopped by Joe Cannata with a rebound.
5:09 of 3rd period - Antoine Roussel is hit by Wes O'Neill and loses puck.
5:37 of 3rd period - Slapshot by Nikita Zadorov.
5:37 of 3rd period - Stopped by Joe Cannata without a rebound.
5:38 of 3rd period - Jordan Staal wins face-off versus Michael Latta in Blackhawks zone.
6:16 of 3rd period - Slapshot by Frans Nielsen.
6:16 of 3rd period - Stopped by Joe Cannata with a rebound.
6:30 of 3rd period - Snap shot by Brett Maclean.
6:30 of 3rd period - Stopped by Marc-André Fleury without a rebound.
6:31 of 3rd period - Nick Bonino wins face-off versus Melker Karlsson in Islanders zone.
7:01 of 3rd period - Slapshot by Calvin de Haan.
7:01 of 3rd period - Shot Misses the Net.
7:33 of 3rd period - Craig Smith is hit by Corey Perry and loses puck.
7:43 of 3rd period - Minor Penalty to Nick Bonino for Interference.
7:44 of 3rd period - Frans Nielsen wins face-off versus Johnny Gaudreau in Blackhawks zone.
7:44 of 3rd period - Slapshot by Ryan Ellis.
7:44 of 3rd period - Shot Blocked by Jamie McBain.
7:46 of 3rd period - Slapshot by Yann Sauvé.
7:46 of 3rd period - Shot Misses the Net.
9:08 of 3rd period - Slapshot by Jakob Silfverberg.
9:08 of 3rd period - Shot Misses the Net.
9:26 of 3rd period - Frans Nielsen is hit by Jamie McBain and loses puck.
9:40 of 3rd period - Icing by Rick Nash.
9:41 of 3rd period - Brett Maclean wins face-off versus Melker Karlsson in Islanders zone.
9:43 of 3rd period - Penalty to Nick Bonino is over, Nick Bonino is back on ice.
9:46 of 3rd period - Snap shot by Stefan Matteau.
9:46 of 3rd period - Stopped by Marc-André Fleury with a rebound.
9:49 of 3rd period - Icing by Ryan Ellis.
9:50 of 3rd period - Melker Karlsson wins face-off versus Mike Amadio in Islanders zone.
9:59 of 3rd period - Slapshot by Jamie McBain.
9:59 of 3rd period - Shot Misses the Net.
10:17 of 3rd period - Ryan Ellis is hit by Derek Roy and loses puck.
10:23 of 3rd period - Off-side.
10:24 of 3rd period - Derek Roy wins face-off versus Frans Nielsen in neutral zone.
11:33 of 3rd period - Raphael Diaz is hit by Nikita Zadorov and loses puck.
11:58 of 3rd period - Snap shot by Vladimir Tarasenko.
11:58 of 3rd period - Stopped by Joe Cannata without a rebound.
11:59 of 3rd period - Jordan Staal wins face-off versus Melker Karlsson in Blackhawks zone.
12:09 of 3rd period - Yann Sauvé is hit by Jakob Silfverberg and loses puck.
13:12 of 3rd period - Slapshot by Stefan Matteau.
13:12 of 3rd period - Shot Misses the Net.
13:14 of 3rd period - Slapshot by Petter Granberg.
13:14 of 3rd period - Stopped by Marc-André Fleury without a rebound.
13:15 of 3rd period - Frans Nielsen wins face-off versus James Wright in Islanders zone.
13:28 of 3rd period - Wrist shot by Johnny Gaudreau.
13:28 of 3rd period - Shot Misses the Net.
13:30 of 3rd period - Snap shot by Stefan Matteau.
13:30 of 3rd period - Stopped by Marc-André Fleury without a rebound.
13:31 of 3rd period - Melker Karlsson wins face-off versus Jordan Staal in Islanders zone.
15:02 of 3rd period - Stefan Matteau is hit by Rick Nash and loses puck.
16:03 of 3rd period - Snap shot by James Wright.
16:03 of 3rd period - Deflect By Rick Nash.
16:03 of 3rd period - Stopped by Marc-André Fleury with a rebound.
16:05 of 3rd period - Snap shot by Johnny Gaudreau.
16:05 of 3rd period - Goal by Johnny Gaudreau - Islanders : 6 - Blackhawks : 3.
16:06 of 3rd period - Frans Nielsen wins face-off versus Derek Roy in neutral zone.
16:17 of 3rd period - Slapshot by Frans Nielsen.
16:17 of 3rd period - Stopped by Joe Cannata with a rebound.
16:19 of 3rd period - Wrist shot by Frans Nielsen.
16:19 of 3rd period - Stopped by Joe Cannata with a rebound.
16:40 of 3rd period - Slapshot by Emerson Etem.
16:40 of 3rd period - Stopped by Joe Cannata with a rebound.
16:42 of 3rd period - Wrist shot by Emerson Etem.
16:42 of 3rd period - Stopped by Joe Cannata without a rebound.
16:43 of 3rd period - Nick Bonino wins face-off versus Christian Fischer in Blackhawks zone.
17:09 of 3rd period - Emerson Etem is hit by Calvin de Haan and loses puck.
18:11 of 3rd period - Icing by Kellan Lain.
18:12 of 3rd period - Melker Karlsson wins face-off versus Derek Roy in Islanders zone.
18:12 of 3rd period - Melker Karlsson is hit by Jamie McBain.
18:26 of 3rd period - Slapshot by Melker Karlsson.
18:26 of 3rd period - Stopped by Joe Cannata without a rebound.
18:27 of 3rd period - Frans Nielsen wins face-off versus Jordan Staal in Blackhawks zone.
18:29 of 3rd period - Minor Penalty to Radko Gudas for Tripping.
18:30 of 3rd period - Frans Nielsen wins face-off versus Johnny Gaudreau in Blackhawks zone.
18:30 of 3rd period - Snap shot by Kellan Lain.
18:30 of 3rd period - Stopped by Joe Cannata with a rebound.
19:38 of 3rd period - Raphael Diaz is hit by Nikita Zadorov and loses puck.
19:55 of 3rd period - Ryan Ellis is hit by Johnny Gaudreau and loses puck.
Goals for this period are 2 for Islanders vs 1 for Blackhawks.
Shots for this period are 13 for Islanders vs 7 for Blackhawks.
Output by the SimonT Hockey Simulator (STHS) for Francois Prevost